 Dungeon Crawl Stone Soup version 0.23.2-1-ga50397a (webtiles) character file.

Game seed: 7212107272875025665

1120 PeMo the Insei (level 8, -3/72 HPs)
             Began as a Gnoll Transmuter on Apr 22, 2019.
             Killed by nerve-wracking pain
             ... invoked by Grinder
              (14 damage)
             ... on level 6 of the Dungeon.
             The game lasted 00:21:46 (5778 turns).

PeMo the Insei (Gnoll Transmuter)                   Turns: 5778, Time: 00:21:47

Health: -3/72      AC:  6    Str: 15    XL:     8   Next: 34%
Magic:  9/16       EV: 13    Int: 16    God:
Gold:   328        SH:  0    Dex: 15    Spells: 3/18 levels left

rFire    x . .     SeeInvis .     - Unarmed
rCold    + + +     Gourm    .   (shield currently unavailable)
rNeg     . . .     Faith    .   (armour currently unavailable)
rPois    +         Spirit   .   (helmet currently unavailable)
rElec    .         Reflect  .   (cloak currently unavailable)
rCorr    .         Harm     .   (gloves currently unavailable)
MR       .....                  (boots currently unavailable)
Stlth    ++........             (no amulet)
HPRegen  0.22/turn              (no ring)
MPRegen  0.15/turn              (no ring)

@: ice-form
A: large, distributed training, strong nose
a: End Transformation


You were on level 6 of the Dungeon.
You were hungry.
You were a creature of crystalline ice.
You visited 1 branch of the dungeon, and saw 6 of its levels.
You also visited: Sewer and Ossuary.

You collected 377 gold pieces.
You spent 49 gold pieces at shops.

Inventory:

Hand Weapons
 o - a +0 spear
 x - a +1 glaive
 C - a +0 shortbow
 K - a +1 dagger of venom
Missiles
 a - 66 arrows
 v - 4 poisoned tomahawks (quivered)
Armour
 b - a +0 robe
 g - a +0 cloak (melded)
 r - a +0 pair of gloves (melded)
 t - a +0 plate armour
 u - a cursed -1 robe (melded)
 y - +1 fire dragon scales
 D - a +0 robe
 G - a +0 robe
 I - a +0 robe
 J - a +0 robe
Jewellery
 A - an uncursed amulet of regeneration {unknown}
Wands
 w - a wand of polymorph (8)
 B - a wand of paralysis (12)
 E - a wand of acid (6)
Scrolls
 c - 2 scrolls of blinking
 f - 3 scrolls of magic mapping
 h - 6 scrolls of identify
 i - 2 scrolls of teleportation
 k - 2 scrolls of enchant weapon
 n - 2 scrolls of immolation
 q - a scroll of random uselessness
Potions
 e - 3 potions of agility
 j - a potion of ambrosia {unknown}
 l - 4 potions of curing
 m - 2 potions of lignification
 p - a potion of mutation
 s - 3 potions of brilliance {unknown}
 z - a potion of might {unknown}
 F - a potion of invisibility {unknown}
Comestibles
 d - 14 rations


   Skills:
 + Level 4.1 Fighting
 + Level 3.1 Short Blades
 + Level 3.1 Long Blades
 + Level 3.1 Axes
 + Level 3.1 Maces & Flails
 + Level 3.1 Polearms
 + Level 3.1 Staves
 + Level 3.1 Slings
 + Level 3.1 Bows
 + Level 3.1 Crossbows
 + Level 3.1 Throwing
 + Level 3.1 Armour
 + Level 5.6 Dodging
 + Level 3.1 Stealth
 + Level 3.1 Shields
 + Level 7.3 Unarmed Combat
 + Level 5.9 Spellcasting
 + Level 2.5 Conjurations
 + Level 2.5 Hexes
 + Level 2.5 Charms
 + Level 2.5 Summonings
 + Level 2.5 Necromancy
 + Level 2.5 Translocations
 + Level 4.6 Transmutations
 + Level 2.5 Fire Magic
 + Level 2.5 Ice Magic
 + Level 2.5 Air Magic
 + Level 2.5 Earth Magic
 + Level 2.5 Poison Magic
 + Level 3.4 Invocations
 + Level 3.1 Evocations


You had 3 spell levels left.
You knew the following spells:

 Your Spells              Type           Power        Failure   Level  Hunger
a - Beastly Appendage     Tmut           ###...       1%          1    None
b - Sticks to Snakes      Tmut           ###.....     3%          2    #......
c - Spider Form           Tmut/Pois      ###.......   10%         3    ##.....
d - Ice Form              Ice/Tmut       ###.....     30%         4    ####...
e - Blade Hands           Tmut           ###.......   50%         5    ######.

Your spell library contained the following spells:

 Spells                   Type           Power        Failure   Level  Hunger
 Freeze                   Ice            ##..         4%          1    None
 Throw Frost              Conj/Ice       ##....       8%          2    #......
 Ozocubu's Armour         Chrm/Ice       ##......     14%         3    ##.....
 Summon Ice Beast         Ice/Summ       ##......     43%         4    ####...
 Throw Icicle             Conj/Ice       ##......     43%         4    ####...


Dungeon Overview and Level Annotations

Branches:
Dungeon (6/15)
 Temple: D:4-7

Altars:
Fedhas
Gozag
Kikubaaqudgha
Nemelex Xobeh
Ru
Sif Muna
Zin
The Shining One

Shops:
D:5 *

Annotations:
D:6 Grinder


Innate Abilities, Weirdness & Mutations

Your experience applies equally to all skills.
((You have very sharp teeth.))
Your uncanny sense of smell can sniff out nearby items.


Message History

Your talons disappear.
You turn into a creature of crystalline ice.
Your +0 cloak melds into your body.
Your +0 pair of gloves melds into your body.
Your cursed -1 robe melds into your body.
You are feeling hungry.
Grinder hits you.
You writhe in agony.
* * * LOW HITPOINT WARNING * * *
You closely miss Grinder.
Grinder is heavily wounded.
Grinder says, "Are you a fish?" Grinder hits you.
* * * LOW HITPOINT WARNING * * *
You writhe in agony.
* * * LOW HITPOINT WARNING * * *
Your ball python bites Grinder but does no damage.
Your ball python closely misses Grinder.
Grinder gestures at you. Pain shoots through your body!
You die...

#.##.##..###..
#...........
######..##.##########
#........#.##.......#
##.######.#.##.#####.#
#.<....##...##.#.....#
#....5.###.......#
#....S...#..####.###
#.....Y#+#..#......#
#.........#.#.####.#
#.............#.##.#
#.............#....#
+...........#..#.#..#
########....#.>..#...#
#....#######..# #.....
...# #...### ##.#


You could see Grinder and a friendly ball python.

Vanquished Creatures
  A necrophage (D:5)
  An ogre (D:4)
  A centaur (D:5)
  2 crimson imps
  2 bullfrog zombies (D:5)
  A centaur zombie (Ossuary)
  A human zombie (Ossuary)
  A hound (D:5)
  A centaur skeleton (D:4)
  3 orc wizards
  Terence (D:2)
  2 iguanas
  A worker ant (D:5)
  A big kobold zombie (Ossuary)
  2 mummies (Ossuary)
  6 gnolls
  4 adders
  A river rat (D:3)
  6 adder zombies
  An adder skeleton (D:5)
  2 worms
  2 dart slugs (D:2)
  3 leopard geckos
  10 orcs
  7 bats
  2 bat zombies (D:2)
  5 giant cockroaches
  6 goblins
  6 hobgoblins
  7 jackals
  4 kobolds
  2 quokkas
  2 ball pythons (D:3)
  9 frilled lizards
  A giant cockroach zombie (D:5)
  A goblin zombie (D:4)
  6 hobgoblin zombies (Ossuary)
  A jackal zombie (Ossuary)
  7 kobold zombies (Ossuary)
  11 orc zombies (Ossuary)
  7 rats
  4 rat zombies
144 creatures vanquished.

Vanquished Creatures (collateral kills)
  A crocodile (Sewer)
  A wyvern skeleton (D:5)
  A centaur skeleton (D:6)
  An orc wizard (D:5)
  A leopard gecko (D:5)
  2 orcs (D:6)
  A giant cockroach zombie (D:5)
  A hobgoblin zombie (Ossuary)
9 creatures vanquished.

Grand Total: 153 creatures vanquished

Notes
Turn   | Place    | Note
-------+----------+-------------------------------------------
     0 | D:1      | PeMo the Gnoll Transmuter began the quest for the Orb.
     0 | D:1      | Reached XP level 1. HP: 17/17 MP: 6/6
    94 | D:1      | Reached XP level 2. HP: 21/23 MP: 7/7
   632 | D:2      | Noticed Terence
   639 | D:2      | Killed Terence
   639 | D:2      | Reached skill level 5 in Spellcasting
   639 | D:2      | Reached skill level 1 in Invocations
   639 | D:2      | Reached XP level 3. HP: 28/28 MP: 6/9
   643 | D:2      | Learned a level 2 spell: Sticks to Snakes
   647 | D:2      | Learned a level 3 spell: Spider Form
   753 | D:2      | Found a glowing silver altar of Zin.
   754 | D:2      | Found a sacrificial altar of Ru.
   830 | D:2      | Reached skill level 1 in Short Blades
   830 | D:2      | Reached skill level 1 in Long Blades
   830 | D:2      | Reached skill level 1 in Axes
   830 | D:2      | Reached skill level 1 in Maces & Flails
   830 | D:2      | Reached skill level 1 in Polearms
   830 | D:2      | Reached skill level 1 in Staves
   830 | D:2      | Reached skill level 1 in Slings
   830 | D:2      | Reached skill level 1 in Bows
   830 | D:2      | Reached skill level 1 in Crossbows
   830 | D:2      | Reached skill level 1 in Throwing
   830 | D:2      | Reached skill level 1 in Armour
   830 | D:2      | Reached skill level 1 in Stealth
   830 | D:2      | Reached skill level 1 in Shields
   830 | D:2      | Reached skill level 1 in Evocations
   830 | D:2      | Reached XP level 4. HP: 34/34 MP: 9/11
   858 | D:2      | Found a sparkling altar of Nemelex Xobeh.
  1285 | D:2      | Found an ancient bone altar of Kikubaaqudgha.
  1375 | D:3      | Reached skill level 1 in Conjurations
  1375 | D:3      | Reached skill level 1 in Hexes
  1375 | D:3      | Reached skill level 1 in Charms
  1375 | D:3      | Reached skill level 1 in Summonings
  1375 | D:3      | Reached skill level 1 in Necromancy
  1375 | D:3      | Reached skill level 1 in Translocations
  1375 | D:3      | Reached skill level 1 in Fire Magic
  1375 | D:3      | Reached skill level 1 in Ice Magic
  1375 | D:3      | Reached skill level 1 in Air Magic
  1375 | D:3      | Reached skill level 1 in Earth Magic
  1375 | D:3      | Reached skill level 1 in Poison Magic
  1401 | D:3      | Found a glowing drain.
  1405 | Sewer    | Entered a sewer
  1438 | Sewer    | Noticed a crocodile
  1453 | Sewer    | Killed a crocodile
  1453 | Sewer    | Reached XP level 5. HP: 11/41 MP: 10/12
  1882 | D:3      | Found a glowing golden altar of the Shining One.
  2188 | D:3      | Found a deep blue altar of Sif Muna.
  2283 | D:4      | Reached XP level 6. HP: 47/47 MP: 11/13
  2356 | D:4      | Reached skill level 5 in Dodging
  2438 | D:4      | Found a blossoming altar of Fedhas.
  2505 | D:4      | Found a sand-covered staircase.
  2533 | Ossuary  | Entered an ossuary
  2556 | Ossuary  | Learned a level 4 spell: Ice Form
  2562 | Ossuary  | Learned a level 5 spell: Blade Hands
  2784 | Ossuary  | Reached XP level 7. HP: 16/52 MP: 15/15
  3487 | D:4      | Found an opulent altar of Gozag.
  3713 | D:5      | Entered Level 5 of the Dungeon
  3784 | D:5      | Found Juelasi's General Store.
  3792 | D:5      | Reached skill level 7 in Unarmed Combat
  3798 | D:5      | Bought a scroll of magic mapping for 38 gold pieces
  3798 | D:5      | Bought a scroll of random uselessness for 11 gold pieces
  4447 | D:5      | Reached XP level 8. HP: 52/60 MP: 16/16
  5754 | D:6      | Noticed Grinder
  5769 | D:6      | Paralysed by Grinder for 3 turns
  5778 | D:6      | Killed from afar by Grinder

Skill      XL: |  1  2  3  4  5  6  7  8 |
---------------+-------------------------+-----
Spellcasting   | 5 |  5.9
Invocations    | 1 2 3 |  3.4
Short Blades   | 1 2 3 |  3.1
Long Blades    | 1 2 3 |  3.1
Axes           | 1 2 3 |  3.1
Maces & Flails | 1 2 3 |  3.1
Polearms       | 1 2 3 |  3.1
Staves         | 1 2 3 |  3.1
Slings         | 1 2 3 |  3.1
Bows           | 1 2 3 |  3.1
Crossbows      | 1 2 3 |  3.1
Throwing       | 1 2 3 |  3.1
Armour         | 1 2 3 |  3.1
Stealth        | 1 2 3 |  3.1
Shields        | 1 2 3 |  3.1
Evocations     | 1 2 3 |  3.1
Conjurations   | 1 2 |  2.5
Hexes          | 1 2 |  2.5
Charms         | 1 2 |  2.5
Summonings     | 1 2 |  2.5
Necromancy     | 1 2 |  2.5
Translocations | 1 2 |  2.5
Fire Magic     | 1 2 |  2.5
Ice Magic      | 1 2 |  2.5
Air Magic      | 1 2 |  2.5
Earth Magic    | 1 2 |  2.5
Poison Magic   | 1 2 |  2.5
Fighting       | 3 4 |  4.1
Transmutations | 4 |  4.6
Dodging        | 5 |  5.6
Unarmed Combat | 7 |  7.3

Action                   |  1- 3 |  4- 6 |  7- 9 || total
-------------------------+-------+-------+-------++-------
Melee: Unarmed           |    61 |   235 |   187 ||   483
       Kick              |     2 |    21 |    14 ||    37
       Bite              |     4 |    22 |    18 ||    44
       Headbutt          |     3 |    19 |    24 ||    46
       Punch             |     1 |     6 |     2 ||     9
 Fire: Shortbow          |       |       |     1 ||     1
Throw: Tomahawk          |       |       |     8 ||     8
 Cast: Beastly Appendage |     9 |    20 |    21 ||    50
       Sticks to Snakes  |       |     2 |    12 ||    14
       Ice Form          |       |       |     1 ||     1
Evoke: Wand              |       |       |     1 ||     1
  Use: Potion            |       |     8 |     4 ||    12
       Scroll            |       |     1 |     7 ||     8
 Stab: Sleeping          |     1 |     5 |     4 ||    10
  Eat: Chunk             |       |     6 |     6 ||    12
       Ration            |       |       |     1 ||     1
Armor: Robe              |     7 |    40 |    29 ||    76
Dodge: Dodged            |    34 |   187 |   145 ||   366
